 Dungeon Crawl Stone Soup version 0.30-a0-364-gf6b3ef1049 (webtiles) character file.

Game seed: 15702174835257925459

45093 Elric the Warrior (level 13, -5/130 HPs)
             Began as a Minotaur Fighter on Nov 14, 2022.
             Slain by a large slime creature (22 damage)
             ... on level 12 of the Dungeon.
             The game lasted 00:20:04 (12770 turns).

Elric the Warrior (Minotaur Fighter)               Turns: 12770, Time: 00:20:04

Health: -5/130     AC: 23    Str: 25    XL:     13   Next: 99%
Magic:  12/12      EV: 22    Int:  5    God:
Gold:   715        SH:  0    Dex: 11    Spells: 12/12 levels left

rFire   + . .      SeeInvis .    F - +3 battleaxe (freeze)
rCold   . . .      Faith    .    (shield currently unavailable)
rNeg    . . .      Spirit   .    q - +0 plate armour
rPois   .          Reflect  .    (helmet restricted)
rElec   .          Harm     .    p - +0 cloak
rCorr   .          Rampage  .    I - +0 pair of gloves
Will    .....                    y - +0 pair of boots
Stlth   ..........               j - amulet of the acrobat
HPRegen 0.41/turn                w - ring of protection from fire
MPRegen 0.13/turn                E - +4 ring of protection

@: acrobatic
A: horns 2, retaliatory headbutt
a: no special abilities


You were on level 12 of the Dungeon.
You visited 1 branch of the dungeon, and saw 12 of its levels.

You collected 715 gold pieces.

Inventory:

Hand Weapons
 a - a +0 war axe
 e - a +1 whip of holy wrath
 C - a +0 morningstar
 F - a +3 battleaxe of freezing (weapon)
Missiles
 b - a throwing net (quivered)
Armour
 p - a +0 cloak (worn)
 q - a +0 plate armour (worn)
 y - a +0 pair of boots (worn)
 I - a +0 pair of gloves (worn)
 J - a +2 buckler
Jewellery
 j - an amulet of the acrobat (around neck)
 u - a +6 ring of dexterity
 w - a ring of protection from fire (left hand)
 E - a +4 ring of protection (right hand)
Wands
 c - a wand of flame (9)
 M - a wand of polymorph (12)
 N - a wand of quicksilver (6)
Scrolls
 g - a scroll of vulnerability {unknown}
 h - a scroll of silence {unknown}
 k - 7 scrolls of teleportation {unknown}
 l - 3 scrolls of noise {unknown}
 m - 2 scrolls of fear {unknown}
 o - 7 scrolls of identify {unknown}
 r - 2 scrolls of poison {unknown}
 s - 4 scrolls of enchant armour {unknown}
 t - 3 scrolls of amnesia {unknown}
 A - a scroll of torment {unknown}
 B - 2 scrolls of blinking
 D - a scroll of magic mapping {unknown}
 K - 2 scrolls of enchant weapon
 R - a scroll of butterflies {unknown}
Potions
 d - 2 potions of might
 f - a potion of flight
 i - 3 potions of brilliance
 n - a potion of attraction
 x - 4 potions of cancellation
 z - 5 potions of curing
 G - a potion of invisibility {unknown}
 H - 3 potions of magic {unknown}
 L - 2 potions of haste
 O - a potion of heal wounds
 P - 2 potions of mutation
 Q - 2 potions of degeneration {unknown}
 S - 2 potions of lignification {unknown}
Miscellaneous
 v - a tin of tremorstones (2/2)


   Skills:
 + Level 16.7 Fighting
 - Level 14.4(17.0) Axes
 - Level 14.7(17.1) Maces & Flails
 - Level 10.5 Armour
 - Level 3.6 Shields


You had 12 spell levels left.
You didn't know any spells.
Your spell library contained the following spells:

 Spells                   Type           Power      Damage    Failure   Level
 Shock                    Conj/Air       0%         1d3       99%         1
 Call Canine Familiar     Summ           0%         N/A       100%        3
 Frozen Ramparts          Ice            0%         1d1       100%        3
 Portal Projectile        Hex/Tloc       0%         N/A       100%        3
 Swiftness                Air            0%         N/A       100%        3
 Tukima's Dance           Hex            0%         N/A       100%        3
 Vhi's Electric Charge    Tloc/Air       0%         N/A       100%        3
 Airstrike                Air            0%         2d(0-16)  100%        4
 Ice Form                 Ice/Tmut       0%         N/A       100%        4
 Leda's Liquefaction      Hex/Erth       0%         N/A       100%        4
 Summon Ice Beast         Ice/Summ       0%         N/A       100%        4
 Arcjolt                  Conj/Air       0%         1d10      100%        5
 Blade Hands              Tmut           0%         N/A       100%        5
 Maxwell's Capacitive Co  Air            0%         ∞         100%        8


Dungeon Overview and Level Annotations

Branches:
Dungeon (12/15)            Temple (0/1) D:6            Lair (0/5) D:11
    Orc (0/2) D:10

Altars:
Zin

Annotations:
D:7 2 transporters


Innate Abilities, Weirdness & Mutations

You have a pair of horns on your head.
You reflexively headbutt those who attack you in melee.


Message History

The slime creature is severely wounded.
You slice the large slime creature!! You freeze the large slime creature!
You slash the large slime creature! You freeze the large slime creature.
The large slime creature hits you but does no damage.
The large slime creature hits you!!
You barely miss the slime creature.
The slime creature is severely wounded.
You slash the large slime creature! You freeze the large slime creature.
You hit the large slime creature. You freeze the large slime creature.
The slime creature hits you! The large slime creature hits you!
You are too injured to fight recklessly!
You are too injured to fight recklessly!
You are too injured to fight recklessly!
You cut the large slime creature into ribbons!!!
You freeze the large slime creature.
The large slime creature is almost dead.
You barely miss the large slime creature.
You slash the slime creature! You freeze the slime creature.
The large slime creature hits you! The slime creature closely misses you.
You furiously retaliate!
You headbutt the slime creature! The large slime creature hits you!!
* * * LOW HITPOINT WARNING * * *
You slice the large slime creature!! You freeze the large slime creature.
You kill the large slime creature!
You slash the slime creature! You freeze the slime creature.
You kill the slime creature!
You barely miss the large slime creature.
The large slime creature hits you!
* * * LOW HITPOINT WARNING * * *
Unknown command.
The large slime creature attacks as you move away!
The large slime creature completely misses you.
The large slime creature attacks as you move away!
The large slime creature hits you but does no damage.
The large slime creature attacks as you move away!
The large slime creature barely misses you.
You furiously retaliate!
You headbutt the large slime creature.
The large slime creature attacks as you move away!
The large slime creature hits you!!
You die...

.# #..#
#.............#
.###..#
#.............#
......#
#........##...#
......#
#..####..##...#
......###..#
#..##...#
.####......#
#..##.J.# )
#......#
#..##...#
#..#...#
#.J##...#
#).#...#
#.@##....=
#..#...#
#..##.......
#..#...#
#..##.......#
#..#...#
#..##.....?.#
#..#...#
#..##.......#
#..##.......#
#..# #..#


You could see a large slime creature.

Vanquished Creatures
  A cacodemon (D:10)
  The ghost of Jannitor the Cleaver, a journeyman AtCK of Xom (D:10)
  Harold (D:9)
  A hydra (D:10)
  2 boulder beetles
  3 two-headed ogres
  A glowing orange brain (D:10)
  An orc knight (D:10)
  6 ugly things
  2 manticores (D:12)
  3 cyclopes
  Maurice (D:9)
  A gargoyle (D:12)
  2 komodo dragons
  5 trolls
  3 slime creatures (D:12)
  2 dream sheep (D:10)
  2 shadows
  A vampire (D:11)
  2 wraiths (D:12)
  3 wyverns
  18 yaks
  Grum (D:9)
  A wyvern (shapeshifter) (D:10)
  A neqoxec (D:10)
  2 steam dragons
  A basilisk (D:12)
  An acid dragon (D:9)
  4 water moccasins
  7 orc warriors
  A sky beast (D:7)
  4 black bears (D:11)
  An ogre (D:5)
  6 wolves
  A centaur (D:8)
  A phantom (D:5)
  3 kobold brigands (D:10)
  3 scorpions
  3 bullfrogs
  A bullfrog (shapeshifter) (D:10)
  An elf skeleton (D:4)
  3 gnoll sergeants
  16 wights
  9 killer bees
  2 howler monkeys
  A jelly (D:6)
  A human zombie (D:4)
  2 gnoll boudas
  17 orc priests
  3 human skeletons (D:4)
  5 iguanas
  Terence (D:3)
  14 orc wizards
  27 gnolls
  3 adders
  3 shadow imps (D:8)
  2 white imps (D:8)
  3 ufetubi
  3 worms (D:2)
  6 dart slugs
  48 orcs
  4 ball pythons
  3 bats
  An endoplasm (shapeshifter) (D:10)
  5 endoplasms
  5 giant cockroaches
  16 goblins
  5 hobgoblins
  10 jackals
  3 quokkas
  3 kobolds
  An orc skeleton (D:4)
  8 rats
  A rat (shapeshifter) (D:10)
339 creatures vanquished.

Vanquished Creatures (others)
  A shadow imp (D:8)
  An ufetubus (D:8)
  6 demonic plants (D:8)
  5 plants
13 creatures vanquished.

Grand Total: 352 creatures vanquished

Notes
Turn   | Place    | Note
-------+----------+-------------------------------------------
     0 | D:1      | Elric the Minotaur Fighter began the quest for the Orb.
     0 | D:1      | Reached XP level 1. HP: 19/19 MP: 0/0
    85 | D:1      | Reached skill level 1 in Maces & Flails
   103 | D:1      | Reached XP level 2. HP: 26/26 MP: 1/1
   456 | D:1      | Reached XP level 3. HP: 31/31 MP: 2/2
  1269 | D:2      | Reached XP level 4. HP: 38/39 MP: 3/3
  1775 | D:3      | Noticed Terence
  1883 | D:3      | Killed Terence
  1884 | D:3      | Reached skill level 5 in Maces & Flails
  1892 | D:2      | Reached XP level 5. HP: 29/45 MP: 4/4
  2666 | D:4      | Reached XP level 6. HP: 43/51 MP: 5/5
  3475 | D:4      | Reached XP level 7. HP: 51/57 MP: 6/6
  3773 | D:5      | Entered Level 5 of the Dungeon
  4327 | D:5      | Reached skill level 10 in Maces & Flails
  5169 | D:6      | Reached XP level 8. HP: 64/64 MP: 7/7
  5590 | D:6      | Noticed a two-headed ogre
  5607 | D:6      | Killed a two-headed ogre
  5840 | D:6      | Found a staircase to the Ecumenical Temple.
  6272 | D:7      | Reached XP level 9. HP: 43/70 MP: 8/8
  6779 | D:7      | Noticed a red ugly thing
  6851 | D:7      | Found a transporter.
  6856 | D:7      | Found a transporter.
  7759 | D:8      | Reached skill level 5 in Axes
  8170 | D:8      | Noticed a two-headed ogre
  8175 | D:8      | Killed a two-headed ogre
  8176 | D:8      | Reached XP level 10. HP: 54/77 MP: 9/9
  8337 | D:8      | Found a glowing silver altar of Zin.
  8454 | D:9      | Noticed Harold
  8469 | D:9      | Killed Harold
  8470 | D:9      | Reached skill level 10 in Axes
  8499 | D:9      | Reached skill level 4 in Fighting
  8564 | D:9      | Reached skill level 5 in Fighting
  8571 | D:9      | Reached skill level 6 in Fighting
  8828 | D:9      | Found a flagged portal.
  8864 | D:9      | Noticed a two-headed ogre
  8873 | D:9      | Killed a two-headed ogre
  8874 | D:9      | Reached skill level 7 in Fighting
  8878 | D:9      | Reached skill level 8 in Fighting
  9142 | D:9      | Reached skill level 9 in Fighting
  9231 | D:9      | Noticed Maurice
  9245 | D:9      | Paralysed by something for 4 turns
  9264 | D:9      | Killed Maurice
  9265 | D:9      | Reached skill level 10 in Fighting
  9265 | D:9      | Reached XP level 11. HP: 97/100 MP: 10/10
  9324 | D:9      | Noticed Grum
  9337 | D:9      | Killed Grum
  9617 | D:10     | Entered Level 10 of the Dungeon
  9771 | D:10     | Found a staircase to the Orcish Mines.
  9772 | D:10     | Noticed an orc knight
  9785 | D:10     | Reached skill level 11 in Fighting
  9790 | D:10     | Reached XP level 12. HP: 19/110 MP: 11/11
 10184 | D:9      | Reached skill level 10 in Armour
 10184 | D:9      | Reached XP level 13. HP: 116/116 MP: 12/12
 10191 | D:10     | Found a runed translucent gate.
 10191 | D:10     | Found a runed translucent gate.
 10191 | D:10     | Found a runed translucent gate.
 10223 | D:10     | Reached skill level 12 in Fighting
 10255 | D:10     | Found a runed translucent gate.
 10255 | D:10     | Found a runed translucent gate.
 10257 | D:10     | Noticed a cacodemon
 10259 | D:10     | Noticed Jannitor's ghost (journeyman AtCK)
 10260 | D:10     | Found a runed translucent gate.
 10574 | D:10     | Reached skill level 13 in Fighting
 11190 | D:10     | Killed Jannitor's ghost
 11191 | D:10     | Reached skill level 14 in Fighting
 11191 | D:10     | Killed a cacodemon
 11424 | D:11     | Found a staircase to the Lair.
 11458 | D:11     | Reached skill level 15 in Fighting
 12209 | D:12     | Reached skill level 16 in Fighting
 12770 | D:12     | Slain by a large slime creature

Illustrated notes

Levels and vault maps discovered:
D:1:      psy_arrival_radial02, layout_loops_ring
D:2:      layout_loops_cross, grunt_decor_mini_mirrors,
          kennysheep_generic_room_10
D:3:      layout_rooms, minmay_misc_feat_cross, uniq_terence
D:4:      layout_gridville, nicolae_ossuary_entry_catacombs
D:5:      layout_loops_ring, lemuel_flame_loot_1
D:6:      layout_cave_pools, minmay_temple_entry_hall
D:7:      gammafunk_the_bubble [the_bubble_gammafunk_crates], layout_basic
D:8:      layout_cave_pools, zin_scriptorium, serial_demonic, serial_demonic_e,
          serial_demonic_e, serial_demonic_g, serial_demonic_f,
          serial_demonic_b, serial_demonic_d, serial_demonic_e
D:9:      layout_loops_cross, enter_bailey_5, uniq_maurice, uniq_harold,
          uniq_grum
D:10:     layout_roguey, david_orc_5,
          ploomutoo_gammafunk_ghost_potion_laboratory, hangedman_ranch
D:11:     layout_roguey, minmay_lair_entry_grove
D:12:     layout_long_grid, serial_rivers, chequers_serial_rivers_marsh,
          chequers_serial_rivers_micro_a, chequers_serial_rivers_micro_c,
          chequers_serial_rivers_room_b, chequers_serial_rivers_small_3

Skill      XL: |  1  2  3  4  5  6  7  8  9 10 11 12 13 |
---------------+----------------------------------------+-----
Maces & Flails | 1 3 4 5 7 8 10 13 14 | 14.7
Axes           | 9 10 14 | 14.4
Fighting       | 10 11 16 | 16.7
Armour         | 10 | 10.5
Shields        | |  3.6

Action                   |  1- 3 |  4- 6 |  7- 9 | 10-12 | 13-15 || total
-------------------------+-------+-------+-------+-------+-------++-------
Melee: War axe           |     9 |       |       |       |       ||     9
       Whip              |    97 |   159 |   241 |       |       ||   497
       Headbutt          |    15 |    35 |    62 |    24 |    44 ||   180
       Battleaxe         |       |       |    69 |   139 |   240 ||   448
  Use: Potion            |       |     3 |     1 |     5 |     3 ||    12
       Scroll            |       |     2 |       |       |       ||     2
Armor: Scale mail        |    36 |    41 |       |       |       ||    77
       Plate armour      |       |    12 |   108 |    78 |   153 ||   351
Dodge: Dodged            |    35 |    49 |    81 |    71 |    88 ||   324
Block: Buckler           |    15 |    17 |    29 |       |       ||    61

Table legend: (Time is in decaauts)
 A = Elapsed time spent in this place.
 B = Non-inter-level travel time spent in this place.
 C = Inter-level travel time spent in this place.
 D = Time resting spent in this place.
 E = Time spent auto-exploring this place.
 F = Levels seen in this place.
 G = Mean time per level.
                   A        B        C        D        E       F      G
               +--------+--------+--------+--------+--------+-----+--------+
         Total |  12587 |  12012 |    575 |   1986 |   8290 |  12 | 1048.9 |
       Dungeon |  12587 |  12012 |    575 |   1986 |   8290 |  12 | 1048.9 |
               +--------+--------+--------+--------+--------+-----+--------+

Top non-repeatable levels by time:
     D:5: 1694 daAuts
     D:9: 1556 daAuts
     D:7: 1436 daAuts
    D:10: 1302 daAuts
     D:4: 1246 daAuts
     D:1: 949 daAuts
     D:2: 875 daAuts
    D:11: 728 daAuts
     D:8: 727 daAuts
    D:12: 712 daAuts
     D:6: 686 daAuts
     D:3: 671 daAuts
